 Dungeon Crawl Stone Soup version 0.25-a0-510-ge065f6de7d (webtiles) character file.

Game seed: 136850413428025424, levelgen mode: deterministic

422 Eurus the Conjurer (level 6, -3/47 HPs)
             Began as a Mummy Conjurer on Feb 14, 2020.
             Killed from afar by an orc wizard (10 damage)
             ... with a magic dart
             ... on level 4 of the Dungeon.
             The game lasted 00:09:10 (3719 turns).

Eurus the Conjurer (Mummy Conjurer)                 Turns: 3719, Time: 00:09:11

Health: -3/47      AC:  2    Str: 11    XL:     6   Next: 63%
Magic:  22/28      EV: 12    Int: 16    God:
Gold:   272        SH:  0    Dex: 13    Spells: 7/14 levels left

rFire    x . .     SeeInvis .   i - staff of power
rCold    + . .     Gourm    .   (no shield)
rNeg     + + +     Faith    .   a - +0 robe
rPois    ∞         Spirit   .   (no helmet)
rElec    .         Reflect  .   (no cloak)
rCorr    .         Harm     .   (no gloves)
MR       .....                  (no boots)
Stlth    ++........             (no amulet)
HPRegen  0.15/turn              (no ring)
MPRegen  0.21/turn              (no ring)

@: no status effects
A: no food or potions, fire vulnerability, cold resistance 1, negative energy
resistance 3, torment resistance, unbreathing
a: no special abilities


You were on level 4 of the Dungeon.
You were not hungry.

You visited 1 branch of the dungeon, and saw 4 of its levels.

You collected 272 gold pieces.

Inventory:

Hand Weapons
 b - a +0 club
Armour
 a - a +0 robe (worn)
Magical Staves
 i - an uncursed staff of power (weapon)
Wands
 l - a wand of digging (10)
 m - a wand of polymorph (7)
Scrolls
 c - 2 scrolls of noise {unknown}
 d - a scroll of blinking {unknown}
 e - a scroll of teleportation {unknown}
 f - a scroll of immolation {unknown}
 g - 2 scrolls of identify {unknown}
 h - 2 scrolls of remove curse {unknown}
 j - a scroll of fog {unknown}
 k - a scroll of magic mapping {unknown}
 n - a scroll of amnesia {unknown}
 o - a scroll of fear {unknown}


   Skills:
 + Level 3.1 Fighting
 - Level 1.5 Dodging
 - Level 1.5 Stealth
 + Level 4.8 Spellcasting
 + Level 4.9 Conjurations
 + Level 1.6 Translocations


You had 7 spell levels left.
You knew the following spells:

 Your Spells              Type           Power        Failure   Level  Hunger
a - Magic Dart            Conj           ###.         1%          1    N/A
b - Searing Ray           Conj           ###...       3%          2    N/A
c - Iskenderun's Mystic   Conj/Tloc      ##......     36%         4    N/A

Your spell library contained the following spells:

 Spells                   Type           Power        Failure   Level  Hunger
 Dazzling Flash           Conj/Hex       ##....       17%         3    N/A
 Fulminant Prism          Conj/Hex       ##........   50%         4    N/A

Dungeon Overview and Level Annotations

Branches:
Dungeon (4/15)
 Temple: D:4-7

Altars:
Dithmenos
Okawaru
Qazlal
Trog
Uskayaw
Xom
The Shining One


Innate Abilities, Weirdness & Mutations

You do not eat or drink.
Your flesh is vulnerable to fire.
You are immune to poison.
Your flesh is cold resistant. (rC+)
You are immune to negative energy. (rN+++)
You are immune to unholy pain and torment.
You can survive without breathing.


Message History

The puff of flame hits you! The fire burns you terribly!
You're too confused to cast spells.
The orc wizard casts a spell at you. The magic dart hits you!
You see here a +1 flail of protection.
You feel less confused.
A phantom comes into view.
The orc wizard casts a spell at you.
You easily resist.
You hit the orc wizard but do no damage.
The orc wizard is heavily wounded.
The phantom blinks!
The orc wizard gestures at you while chanting.
The puff of flame hits you! The fire burns you terribly!
* * * LOW HITPOINT WARNING * * *
You barely miss the orc wizard.
The orc wizard is heavily wounded.
The orc wizard gestures at you while chanting.
The magic dart hits you!
You die...

#..........(
#.........####. .#
.#........#... .#
.............. ..
...........# ?#
#........# .# #........#
.# ##........#########.#
.†..!..........)@o..##.#
##........########...§.#
####..#..# #.###.#
##..###.# ... .. #..##
#.# ..... . #.## #..
....... #.# ###.
....s....
###.##########..........
.....†......
............


You could see an orc wizard.

Vanquished Creatures
  An ogre (D:2)
  A scorpion (D:4)
  A hound (D:4)
  An orc priest (D:4)
  A centaur skeleton (D:4)
  An orc wizard (D:4)
  A worker ant (D:4)
  4 adders
  An ooze (D:4)
  2 worms (D:3)
  A dart slug (D:1)
  7 orcs
  7 bats
  4 giant cockroaches
  16 goblins
  10 hobgoblins
  13 jackals
  6 kobolds
  2 quokkas
  A ball python (D:2)
  6 frilled lizards
  7 rats
94 creatures vanquished.

Vanquished Creatures (others)
  A fungus (D:1)
  4 toadstools (D:1)
5 creatures vanquished.

Grand Total: 99 creatures vanquished

Notes
Turn   | Place    | Note
-------+----------+-------------------------------------------
     0 | D:1      | Eurus the Mummy Conjurer began the quest for the Orb.
     0 | D:1      | Reached XP level 1. HP: 13/13 MP: 4/4
   177 | D:1      | Upgraded the game from 0.25-a0-504-g768f60da87 to
                  | 0.25-a0-510-ge065f6de7d
   334 | D:1      | Reached XP level 2. HP: 20/20 MP: 2/5
   338 | D:1      | Learned a level 2 spell: Searing Ray
   826 | D:1      | Reached skill level 1 in Fighting
   980 | D:1      | Reached XP level 3. HP: 24/26 MP: 4/7
  1414 | D:2      | Found a shadowy altar of Dithmenos.
  1467 | D:2      | Noticed a +0 hand axe
  1469 | D:2      | Noticed a +0 dagger
  1608 | D:2      | Found a stormy altar of Qazlal.
  1665 | D:2      | Found a glowing golden altar of the Shining One.
  1950 | D:2      | Noticed an ogre
  1955 | D:2      | Killed an ogre
  1955 | D:2      | Reached XP level 4. HP: 33/33 MP: 2/9
  1955 | D:2      | Reached XP level 5. HP: 38/38 MP: 2/10
  2013 | D:2      | Learned a level 4 spell: Iskenderun's Mystic Blast
  2133 | D:2      | Found a hide-covered altar of Uskayaw.
  2195 | D:2      | Found a bloodstained altar of Trog.
  2199 | D:2      | Found an iron altar of Okawaru.
  2793 | D:3      | Found a shimmering altar of Xom.
  2794 | D:3      | Found a shimmering altar of Xom.
  2797 | D:3      | Found a shimmering altar of Xom.
  2798 | D:3      | Found a shimmering altar of Xom.
  3375 | D:4      | Reached skill level 1 in Translocations
  3447 | D:4      | Reached XP level 6. HP: 46/46 MP: 10/12
  3719 | D:4      | Killed from afar by an orc wizard

Levels and vault maps discovered:
D:1:      lemuel_arrival_broad_hall, layout_basic, minmay_gold_behind_fungi,
          minivault_26, hangedman_abyss_or_decor_stabs
D:2:      layout_rooms, gammafunk_temple_overflow_statue, tso_metal_star,
          dancing_weapons_uskayaw, overflow_temple_1_default, serial_forest,
          infiniplex_forest_corner_1, infiniplex_forest_lined_1,
          infiniplex_forest_clump_large, infiniplex_forest_end_double,
          infiniplex_forest_straight_2, grunt_qazlal_sundering
D:3:      layout_loops_cross, xom_redecorated
D:4:      layout_rooms, tgw_sif, minmay_temple_entry_overgrown, first_ration

Skill      XL: |  1  2  3  4  5  6 |
---------------+-------------------+-----
Spellcasting   | 3 4 |  4.8
Fighting       | 1 2 3 |  3.1
Conjurations   | 4 |  4.9
Translocations | 1 |  1.6
Dodging        | |  1.5
Stealth        | |  1.5

Action                   |  1- 3 |  4- 6 || total
-------------------------+-------+-------++-------
Melee: Club              |    27 |    31 ||    58
       Staff             |       |    16 ||    16
 Cast: Magic Dart        |    86 |    41 ||   127
       Searing Ray       |     2 |    22 ||    24
Armor: Robe              |    11 |    11 ||    22
Dodge: Dodged            |    23 |    59 ||    82

Table legend:
 A = Non-vault XP
 B = Vault XP
 C = Vault XP percentage of total XP
 D = Non-vault monster count
 E = Vault monster count
 F = Vault count percentage of total count
                 A         B        C        D         E       F
            +---------+---------+-------+---------+---------+-------
      Total |     603 |       0 |   0.0 |      94 |       0 |   0.0
            +---------+---------+-------+---------+---------+-------
        D:1 |      50 |       0 |   0.0 |      29 |       0 |   0.0
        D:2 |     180 |       0 |   0.0 |      29 |       0 |   0.0
        D:3 |      41 |       0 |   0.0 |      13 |       0 |   0.0
        D:4 |     332 |       0 |   0.0 |      23 |       0 |   0.0
            +---------+---------+-------+---------+---------+-------
